Map: New Gettysburg LE

Players

Autodidact - Winner!

  • Race: Terran Terran
  • League: Master

Lightning

  • Race: Protoss Protoss
  • League: Master

VOD

Have the link to the VOD?

Description

Time

  • Played on: Oct. 20, 2016, 12:28 a.m.
  • Length: 23:10
Show
View Real Time Build Order
Export as new Build Order

Autodidact Terran - Winner!

Build Orders: Liberator Opening, MMM Bio 

Get SALT Encoding   

  12  0:01  SCV  
  13  0:13  SCV  
  14  0:19  Supply Depot  
  14  0:25  SCV  
  15  0:41  SCV  
  16  0:43  Barracks  
  16  0:53  SCV  
  16  0:56  Refinery  
  17  1:05  SCV  
  18  1:17  SCV  
  19  1:29  Orbital Command  
  19  1:37  Barracks Reactor  
  19  1:48  Command Center, Unknown  
  19  1:55  Refinery  
  19  1:57  SCV  
  20  2:11  SCV  
  20  2:13  Supply Depot  
  20  2:15  Marine x2  
  23  2:30  Factory  
  23  2:34  Marine x2  
  23  2:35  SCV  
  26  2:47  SCV  
  27  2:52  Marine x2  
  29  2:59  SCV  
  29  3:00  Unknown, Orbital Command  
  30  3:10  Marine x2  
  32  3:20  SCV  
  32  3:24  Widow Mine  
  32  3:26  Starport  
  35  3:27  SCV  
  35  3:30  Marine x2  
  35  3:32  SCV  
  39  3:37  Supply Depot  
  39  3:39  SCV  
  40  3:48  SCV, Liberator  
  41  3:50  Marine x2  
  41  3:51  SCV  
  44  3:56  Widow Mine  
  44  4:00  SCV  
  44  4:01  Supply Depot  
  47  4:03  SCV  
  51  4:10  Marine x2  
  51  4:12  SCV  
  51  4:14  Engineering Bay  
  54  4:23  SCV  
  55  4:30  SCV  
  56  4:35  SCV  
  56  4:36  Supply Depot  
  56  4:38  Marine x2, Factory Tech Lab  
  55  4:43  SCV  
  58  4:47  Terran Infantry Weapons Level 1, SCV  
  58  4:48  Missile Turret  
  58  4:50  Missile Turret  
  58  4:52  Starport Reactor  
  59  4:55  SCV  
  59  4:56  Barracks  
  59  4:58  Barracks  
  59  4:59  SCV  
  61  5:00  Bunker  
  61  5:07  SCV, Refinery x2  
  61  5:11  SCV  
  63  5:16  Supply Depot  
  63  5:19  SCV  
  63  5:20  Factory Tech Lab  
  63  5:21  Missile Turret  
  64  5:23  SCV  
  65  5:30  Marine  
  65  5:31  SCV, Medivac, Stimpack  
  69  5:36  SCV  
  69  5:37  Medivac  
  72  5:43  SCV  
  73  5:50  Barracks Reactor  
  73  5:53  SCV  
  73  5:54  Barracks  
  73  5:55  SCV, Barracks  
  75  6:06  Supply Depot, Medivac  
  75  6:07  Marauder, Marine  
  75  6:08  Combat Shields  
  77  6:12  SCV  
  77  6:17  SCV  
  79  6:24  SCV  
  80  6:26  Command Center, Unknown  
  80  6:28  Supply Depot, Marine x2  
  80  6:29  SCV  
  83  6:33  Marine  
  83  6:34  Marauder  
  83  6:35  Factory Tech Lab  
  86  6:45  Medivac x2  
  86  6:46  SCV x2  
  81  7:03  SCV x2  
  81  7:07  Barracks Tech Lab, Marine  
  81  7:08  Marauder, Barracks Tech Lab  
  86  7:09  Siege Tank  
  86  7:11  Terran Infantry Armor Level 1  
  89  7:15  SCV x2  
  91  7:37  Unknown  
  91  7:43  Marauder x2, Marine x2  
  97  7:45  SCV x2  
  97  7:46  Marauder, Marine  
  97  7:47  Siege Tank  
  97  7:49  Armory  
  97  7:50  Supply Depot, Engineering Bay  
  105  7:51  Supply Depot  
  101  7:58  SCV x2  
  101  8:00  Marine x2  
  101  8:02  Medivac  
  101  8:04  Marauder x2, Marine  
  112  8:08  Marauder  
  112  8:10  SCV  
  112  8:11  SCV  
  115  8:16  Orbital Command  
  114  8:23  SCV x2  
  114  8:25  Liberator  
  114  8:26  Marine x2  
  117  8:27  Marauder, Siege Tank  
  117  8:33  Marine x2  
  117  8:34  Marauder  
  127  8:35  SCV x2  
  129  8:42  SCV  
  133  8:48  Terran Infantry Weapons Level 2  
  133  8:52  Supply Depot  
  133  8:54  Supply Depot x2  
  133  9:00  Starport  
  133  9:01  Starport  
  133  9:02  Fusion Core  
  133  9:09  Liberator  
  133  9:14  Marauder x2, Marine, Siege Tank  
  133  9:15  SCV, Marine x3  
  133  9:16  SCV x2, Supply Depot, Missile Turret  
  147  9:17  Sensor Tower  
  147  9:30  Liberator  
  153  9:32  Marine  
  153  9:33  Marine x2  
  153  9:34  Marauder  
  153  9:35  Refinery  
  153  9:37  Refinery  
  155  9:44  Command Center, Unknown  
  154  9:46  Marine  
  154  9:47  Marauder  
  154  9:49  Marine  
  161  9:54  Command Center, Unknown  
  161  9:56  Supply Depot  
  161  9:57  Supply Depot  
  161  10:01  Supply Depot x2, Bunker  
  161  10:03  Terran Infantry Armor Level 2  
  161  10:13  Starport Tech Lab  
  161  10:24  Liberator  
  161  10:25  Barracks Tech Lab  
  161  10:26  Marine x3, Terran Vehicle And Ship Armor Level 1  
  161  10:27  Marauder, Marine  
  170  10:43  Liberator x3  
  170  10:44  Advanced Ballistics, Marine x4  
  170  10:46  Missile Turret  
  170  10:48  Marine  
  175  10:51  Refinery x2  
  175  10:53  Command Center, Unknown  
  175  10:56  Unknown, Liberator  
  175  11:02  Marine  
  175  11:03  Marauder  
  187  11:05  Unknown  
  187  11:14  Marine x4  
  194  11:19  Marine  
  194  11:22  Planetary Fortress  
  194  11:23  Missile Turret, Marine  
  196  11:31  Refinery x2  
  196  11:32  Missile Turret, Marine  
  189  11:38  Liberator x4  
  187  11:45  Marine  
  187  11:46  Marauder x2, Marine x2  
  139  11:50  Marine  
  118  11:56  Liberator  
  112  12:03  Marine  
  112  12:04  Marauder x2  
  112  12:05  Unknown  
  112  12:07  Marauder, Marine x2  
  124  12:18  Planetary Fortress  
  124  12:19  Planetary Fortress  
  124  12:20  Refinery  
  124  12:21  Marine, Liberator  
  121  12:24  Marine  
  121  12:25  Marine x3  
  121  12:28  Marine  
  112  12:38  Viking  
  112  12:39  Marine  
  112  12:42  Marine  
  112  12:43  Marauder, Marine x2  
  119  12:46  Marine  
  108  12:56  Viking x3  
  108  12:57  Marine  
  108  13:00  SCV  
  108  13:01  Marauder x2, Marine  
  108  13:04  Marauder, Marine  
  117  13:08  Viking  
  117  13:11  SCV  
  121  13:12  SCV  
  121  13:14  Marine  
  121  13:16  Liberator x2  
  121  13:19  Marine, Siege Tank  
  126  13:20  Terran Infantry Weapons Level 3  
  126  13:21  Viking, Marine  
  126  13:22  Marine x2  
  126  13:23  SCV  
  126  13:24  Terran Infantry Armor Level 3  
  126  13:25  SCV, Marine  
  134  13:28  Missile Turret  
  134  13:29  Refinery  
  134  13:31  Liberator  
  134  13:32  Marine, Liberator  
  141  13:36  Marine  
  141  13:39  Marine  
  141  13:40  Marine x2  
  145  13:44  Marauder  
  145  13:46  Liberator  
  147  13:50  Marine  
  147  13:54  Marine  
  151  13:57  Marine  
  151  13:58  Marauder x2  
  151  13:59  Liberator x2  
  151  14:04  Marine  
  151  14:08  Marine  
  143  14:12  Marine  
  143  14:14  Liberator x2  
  143  14:16  Marauder  
  149  14:19  Marauder, Marine  
  149  14:23  Marauder  
  146  14:26  Marine  
  146  14:29  Liberator  
  146  14:30  Marine  
  146  14:37  Marauder, Marine  
  151  14:40  Marine  
  151  14:42  Liberator  
  151  14:44  Marauder, Marine  
  142  14:48  Marine  
  144  14:59  Terran Vehicle And Ship Armor Level 2  
  147  15:04  Viking  
  147  15:12  Liberator  
  147  15:14  Viking  
  148  15:20  Sensor Tower  
  151  15:22  Marauder, Command Center, Unknown  
  151  15:23  Marauder  
  156  15:33  Medivac  
  156  15:34  Liberator x2  
  156  15:35  Liberator  
  157  15:42  Medivac  
  166  16:13  Marine x5  
  164  16:30  Marine  
  164  16:31  Marine x4  
  151  16:48  SCV x3, Marine  
  151  16:49  Marauder, Marine x3  
  151  16:52  Command Center, Unknown  
  160  17:00  SCV x3  
  163  17:06  Marine x2  
  163  17:07  SCV, Marauder  
  167  17:12  SCV x2  
  167  17:13  SCV, Building Armor, Hi-Sec Auto Tracking  
  167  17:14  Marine  
  171  17:19  SCV  
  172  17:29  Terran Vehicle And Ship Armor Level 3  
  172  17:32  Supply Depot  
  172  17:33  Supply Depot x2  
  172  17:53  SCV x2, Medivac x3, Marine  
  172  17:54  Marauder x2, Marine x2, Siege Tank  
  172  17:55  Medivac  
  192  18:01  Refinery  
  192  18:03  Unknown  
  192  18:05  Planetary Fortress  
  192  18:06  Missile Turret  
  192  18:07  Missile Turret  
  192  18:10  Command Center, Unknown  
  192  18:21  Ghost Academy  
  192  18:23  Ghost Academy  
  178  19:21  Marine x5  
  178  19:22  Unknown, Viking x4  
  178  19:23  Viking x2  
  185  19:39  Marine x5  
  190  19:52  Viking x5  
  192  19:57  Marine  
  198  20:06  Marine x4  
  189  20:14  Marine  
  188  20:22  Viking x2  
  188  20:23  Planetary Fortress  
  188  20:24  Missile Turret, Marine x4  
  196  20:32  Marine  
  197  20:35  Refinery  
  197  20:38  Medivac  
  197  20:40  Terran Ship Weapons Level 1  
  197  20:42  Marine x2  
  200  20:45  Personal Cloaking  
  200  20:46  Nuke  
  199  21:00  Marine  
  193  21:24  Missile Turret  
  193  21:30  Missile Turret  
  193  21:33  Ghost x3  
  193  21:39  Refinery  
  195  21:40  Command Center, Unknown, Refinery  
  192  22:11  Nuke  
  192  22:14  Command Center, Unknown  
  192  22:15  Refinery  
  192  22:18  Command Center, Unknown  
  192  22:19  Command Center, Unknown  
  192  22:21  Command Center, Unknown  
Show
View Real Time Build Order
Export as new Build Order

Lightning Protoss 

Build Orders: 1 Gate Expand, Oracle Opening 

Get SALT Encoding   

  12  0:03  Probe (Chrono Boost)  
  14  0:14  Probe (Chrono Boost)  
  14  0:20  Pylon  
  14  0:24  Probe (Chrono Boost)  
  15  0:38  Probe (Chrono Boost)  
  15  0:40  Gateway  
  16  0:43  Assimilator  
  16  0:49  Probe (Chrono Boost)  
  17  0:59  Probe (Chrono Boost)  
  18  1:10  Probe (Chrono Boost)  
  19  1:26  Nexus, Unknown  
  19  1:35  Cybernetics Core  
  19  1:39  Probe (Chrono Boost)  
  20  1:47  Assimilator  
  20  1:51  Probe (Chrono Boost)  
  21  1:56  Pylon  
  21  2:01  Probe (Chrono Boost)  
  22  2:12  Probe (Chrono Boost)  
  22  2:13  Warp Gate  
  22  2:14  Adept  
  27  2:23  Mothership Core (Chrono Boost)  
  27  2:37  Unknown  
  27  2:41  Probe x2 (Chrono Boost)  
  31  2:45  Adept  
  31  2:50  Stargate  
  32  2:51  Probe (Chrono Boost)  
  32  2:52  Probe (Chrono Boost)  
  32  3:04  Gateway  
  32  3:12  Adept, Probe (Chrono Boost)  
  35  3:14  Probe (Chrono Boost)  
  36  3:23  Probe (Chrono Boost)  
  37  3:31  Gateway  
  37  3:37  Oracle  
  37  3:39  Adept  
  42  3:43  Probe x2 (Chrono Boost)  
  44  3:49  Pylon  
  44  3:54  Probe (Chrono Boost)  
  46  3:58  Probe (Chrono Boost)  
  46  4:01  Pylon  
  46  4:09  Twilight Council  
  46  4:11  Probe x2 (Chrono Boost)  
  48  4:25  Adept x2  
  48  4:29  Void Ray  
  48  4:31  Probe (Chrono Boost)  
  57  4:32  Probe (Chrono Boost)  
  53  4:50  Resonating Glaives  
  53  4:51  Nexus, Unknown  
  53  4:53  Probe (Chrono Boost)  
  53  4:59  Probe (Chrono Boost)  
  55  5:03  Assimilator  
  55  5:05  Probe (Chrono Boost), Assimilator  
  56  5:10  Probe (Chrono Boost)  
  56  5:13  Void Ray  
  61  5:15  Probe (Chrono Boost)  
  62  5:22  Pylon x2  
  62  5:24  Pylon  
  62  5:35  Forge  
  61  5:36  Forge  
  57  5:53  Probe (Chrono Boost)  
  57  5:56  Probe (Chrono Boost), Void Ray  
  63  6:02  Unknown  
  63  6:03  Probe (Chrono Boost)  
  65  6:04  Probe (Chrono Boost)  
  65  6:09  Probe (Chrono Boost)  
  66  6:17  Protoss Ground Armor Level 1  
  66  6:18  Protoss Ground Weapons Level 1  
  66  6:24  Adept x2  
  70  6:26  Sentry  
  70  6:27  Probe (Chrono Boost)  
  70  6:29  Probe (Chrono Boost)  
  74  6:35  Probe (Chrono Boost)  
  75  6:43  Probe x2 (Chrono Boost), Robotics Facility  
  77  6:47  Adept, Sentry  
  77  6:50  Probe (Chrono Boost)  
  77  6:54  Probe (Chrono Boost)  
  73  7:02  Void Ray  
  73  7:05  Adept  
  73  7:08  Probe x3 (Chrono Boost)  
  82  7:18  Probe x2 (Chrono Boost)  
  82  7:28  Probe (Chrono Boost)  
  82  7:29  Probe x2 (Chrono Boost)  
  85  7:30  Observer  
  85  7:40  Probe (Chrono Boost)  
  85  7:41  Probe (Chrono Boost)  
  85  7:45  Void Ray  
  85  7:46  Robotics Bay  
  85  7:47  Probe (Chrono Boost)  
  85  7:48  Pylon  
  85  7:51  Probe x2 (Chrono Boost), Pylon  
  92  7:54  Immortal  
  92  7:57  Probe (Chrono Boost)  
  97  8:01  Probe (Chrono Boost)  
  97  8:02  Probe (Chrono Boost)  
  99  8:21  Stalker  
  99  8:22  Stalker x2, Robotics Facility  
  99  8:24  Probe (Chrono Boost)  
  99  8:25  Probe x2 (Chrono Boost)  
  108  8:28  Assimilator  
  108  8:32  Assimilator, Protoss Ground Weapons Level 2  
  108  8:35  Probe x3 (Chrono Boost)  
  108  8:38  Protoss Ground Armor Level 2  
  111  8:43  Photon Cannon  
  111  8:45  Probe (Chrono Boost), Photon Cannon  
  111  8:46  Probe (Chrono Boost)  
  113  8:48  Photon Cannon  
  113  8:55  Disruptor  
  113  9:01  Photon Cannon  
  113  9:02  Photon Cannon  
  116  9:04  Gateway  
  116  9:08  Blink, Gateway  
  116  9:20  Disruptor  
  114  9:31  Photon Cannon  
  114  9:37  Disruptor  
  117  9:44  Pylon  
  117  9:46  Pylon  
  117  9:47  Pylon  
  117  9:49  Pylon  
  117  10:02  Nexus, Colossus, Unknown  
  117  10:04  Pylon  
  117  10:06  Pylon  
  123  10:10  Extended Thermal Lance  
  123  10:12  Colossus  
  129  10:22  Stalker x2  
  129  10:23  Stalker  
  135  10:36  Protoss Ground Weapons Level 3  
  135  10:41  Protoss Ground Armor Level 3  
  135  10:44  Gateway  
  135  10:45  Stalker x2  
  135  10:46  Stalker x2, Gateway  
  143  10:50  Stalker  
  145  11:10  Colossus  
  151  11:13  Unknown  
  151  11:20  Colossus  
  157  11:35  Adept  
  157  11:36  Adept x4  
  141  11:56  Adept  
  141  11:57  Adept x5, Assimilator  
  141  11:59  Assimilator  
  145  12:03  Disruptor  
  148  12:13  Disruptor  
  151  12:31  Stalker x2  
  151  12:32  Stalker x5  
  165  12:39  Disruptor  
  130  13:02  Stalker x2  
  130  13:03  Stalker x5  
  130  13:05  Void Ray  
  136  13:07  Fleet Beacon  
  140  13:14  Protoss Shields Level 1  
  140  13:27  Colossus  
  140  13:33  Nexus, Unknown  
  146  13:34  Pylon  
  146  13:37  Colossus, Pylon  
  152  13:51  Stalker  
  152  13:52  Stalker x2  
  152  13:53  Stalker  
  156  14:08  Stalker  
  156  14:09  Stalker x2  
  114  14:39  Stalker x2  
  114  14:40  Stalker x4  
  114  14:44  Unknown  
  114  14:45  Tempest  
  130  14:57  Stargate  
  130  15:02  Assimilator  
  130  15:05  Assimilator  
  130  15:12  Immortal  
  124  15:22  Templar Archives  
  124  15:35  Immortal  
  128  15:46  Immortal  
  128  15:53  Psionic Storm  
  128  15:57  Stalker x3  
  134  15:58  Adept x3  
  144  16:07  High Templar  
  92  16:42  High Templar x3  
  92  16:43  Adept, High Templar  
  92  16:44  Adept  
  92  16:45  Adept  
  98  16:51  Immortal  
  98  16:57  Immortal  
  106  17:05  Tempest  
  106  17:14  Stalker  
  112  17:19  Nexus, Unknown  
  112  17:24  Tempest  
  116  17:37  Stalker x2  
  118  17:39  Stalker  
  122  17:44  Disruptor  
  125  17:54  Disruptor  
  128  18:01  Tempest  
  132  18:20  Stalker x2  
  132  18:21  Stalker  
  138  18:31  Unknown  
  134  18:52  Stalker x2, Disruptor  
  134  18:53  Stalker x5  
  118  19:34  Nexus, Unknown  
  117  19:45  Adept  
  117  19:46  Adept x3  
  102  20:21  Stalker x3  
  102  20:27  Disruptor x2  
  114  20:46  Unknown  
  114  20:49  Adept  
  114  21:11  Adept x3  
  112  21:14  Probe (Chrono Boost)  
  115  21:26  Nexus, Unknown  
  111  22:08  Stalker x3  
  117  22:30  Pylon  
  117  22:37  Unknown  
  117  22:45  Pylon  
Tags
 
Add a new tag
Caveats
  • Supply blocks, unpowered buildings, or Contaminate may cause inaccurate times.
  • Supply counts are checked every 10 seconds.